 Dungeon Crawl Stone Soup version 0.16-a0-702-gf4f471d (webtiles) character file.

88973 PolkaDot the Black Belt (level 15, -23/139 HPs)
             Began as a Grey Draconian Transmuter on Sept 20, 2014.
             Was a High Priest of Okawaru.
             Annihilated by a white ugly thing (24 damage)
             ... on Level 14 of the Dungeon.
             The game lasted 01:41:58 (29389 turns).

PolkaDot the Black Belt (DrTm)                     Turns: 29389, Time: 01:41:59

HP -23/139       AC 19     Str 16      XL: 15   Next: 48%
MP  20/22        EV 22     Int 17      God: Okawaru [*****.]
Gold 1859        SH  0     Dex 25      Spells:  6 memorised,  2 levels left

rFire  + . .     SeeInvis +       - Unarmed
rCold  . . .     Clarity  .     (armour unavailable)
rNeg   . . .     rCorr    .     (shield currently unavailable)
rPois  .         rRot     .     X - +2 hat {SInv} {god gift}
rElec  .         Spirit   .     T - +0 cloak of the Komtur {Str+4 Dex+3 Curse}
SustAb .         Warding  .     k - melded +2 pair of gloves
rMut   .         Stasis   .     L - +1 pair of boots
Gourm  .                        Y - amulet of faith
MR     ++...                    y - +4 ring of slaying
                                z - +5 ring of dexterity

@: blade hands (expiring), very resistant to hostile enchantments, unstealthy
A: walk through water, unfitting armour, antennae 1, clever 1, fire resistance
1, magic resistance 1, unbreathing, cold-blooded, placid magic 1, AC +14
a: End Transformation, Heroism, Finesse, Renounce Religion


You were on level 14 of the Dungeon.
You worshipped Okawaru.
Okawaru was extremely pleased with you.
You were hungry.
Your hands were blades.
You visited 2 branches of the dungeon, and saw 22 of its levels.
You also visited: Labyrinth and Ice Cave.

You collected 1859 gold pieces.

Inventory:

Missiles
 b - 409 arrows
 c - 13 poisoned arrows
 H - 6 javelins of penetration (quivered)
 U - 25 arrows of flame
Armour
 k - a +2 pair of gloves (melded)
 L - a +1 pair of boots (worn)
 T - the cursed +0 cloak of the Komtur (worn) {Str+4 Dex+3 Curse}
   (You acquired it on level 3 of the Lair of Beasts)

   It affects your strength (+4).
   It affects your dexterity (+3).
   It may recurse itself when equipped.
   It has a curse placed upon it.
 X - a +2 hat of see invisible (worn) {god gift}
Magical devices
 s - a wand of paralysis (4)
 x - a wand of draining (0)
 A - a wand of fire (5)
 C - a wand of teleportation (2)
 O - a wand of digging (6)
Comestibles
 a - 10 bread rations
 f - 3 slices of pizza
 r - 14 royal jellies
 w - 6 beef jerkies
 B - 2 rotting chunks of yak flesh
 D - 9 meat rations
 E - 24 fruits
Scrolls
 e - 5 scrolls of amnesia
 h - 7 scrolls of remove curse
 m - a scroll of magic mapping
 n - 4 scrolls of recharging
 p - 5 scrolls of enchant weapon
 q - 10 scrolls of teleportation
 u - a scroll of fog
 J - a scroll of immolation
 M - 4 scrolls of identify
 P - 2 scrolls of brand weapon
 S - a scroll of summoning
 V - a scroll of fear
Jewellery
 v - an uncursed ring of regeneration
 y - a +4 ring of slaying (right scythe-like blade)
 z - a +5 ring of dexterity (left scythe-like blade)
 Q - an uncursed amulet of clarity
 Y - an amulet of faith (around neck)
Potions
 d - 4 potions of agility
 g - 2 potions of brilliance
 i - 2 potions of cure mutation {!q}
 j - 9 potions of curing
 l - 2 potions of haste
 o - 7 potions of restore abilities
 I - a potion of might
 K - a potion of magic
 W - 2 potions of berserk rage
 Z - 2 potions of heal wounds
Books
 F - a book of Enchantments

   Spells                             Type                      Level
   Tukima's Dance                     Hexes                        3
   Cause Fear                         Hexes                        4
   Silence                            Hexes/Air                    5
   Deflect Missiles                   Charms/Air                   6
   Haste                              Charms                       6
   Discord                            Hexes                        8
 G - a book of Frost

   Spells                             Type                      Level
   Freeze                             Ice                          1
   Throw Frost                        Conjuration/Ice              2
   Ozocubu's Armour                   Charms/Ice                   3
   Throw Icicle                       Conjuration/Ice              4
   Summon Ice Beast                   Ice/Summoning                4
   Condensation Shield                Ice                          4
 R - a book of Necromancy

   Spells                             Type                      Level
   Pain                               Necromancy                   1
   Animate Skeleton                   Necromancy                   1
   Vampiric Draining                  Necromancy                   3
   Regeneration                       Charms/Necromancy            3
   Animate Dead                       Necromancy                   4
   Control Undead                     Necromancy                   4
Miscellaneous
 t - a fan of gales


   Skills:
 + Level 14.6 Fighting
 + Level 9.1 Dodging
 * Level 18.1 Unarmed Combat
 - Level 2.5 Spellcasting
 - Level 10.1 Transmutations
 - Level 5.1 Ice Magic
 - Level 4.3 Poison Magic


You had 2 spell levels left.
You knew the following spells:

 Your Spells              Type           Power        Failure   Level  Hunger
a - Beastly Appendage     Trmt           ###...       5%          1    #......
b - Blade Hands           Trmt           ###.......   30%         5    ######.
s - Sticks to Snakes      Trmt           ###.......   5%          2    ##.....
x - Ice Form              Ice/Trmt       ###.....     30%         4    #####..
z - Spider Form           Trmt/Pois      ###.......   16%         3    ###....
S - Swiftness             Chrm/Air       #.......     58%         2    ##.....


Dungeon Overview and Level Annotations

Branches:
Dungeon (14/15)            Temple (0/1) D:6             Orc (0/4) D:10
   Lair (8/8) D:9          Shoals (0/5) Lair:3       Spider (0/5) Lair:3
  Slime (0/6) Lair:6       Vaults (0/5) D:13

Altars:
Ashenzari
Dithmenos
Fedhas
Gozag
Kikubaaqudgha
Makhleb
Nemelex Xobeh
Okawaru
Qazlal
Ru
Trog
Vehumet
Zin
The Shining One
Beogh
Jiyva

Shops:
D:4 !   D:5 (   D:9 *   D:11 (   D:13 (


Innate Abilities, Weirdness & Mutations

You can walk through water.
Your dull iron-grey scales are very hard (AC +14).
Your body does not fit into most forms of armour.
You can survive without breathing.
Your cold-blooded metabolism reacts poorly to cold.
You have a pair of small antennae on your head.
Your mind is acute. (Int +2)
Your flesh is heat resistant.
You are resistant to hostile enchantments.
Your spells are a little easier to cast, but a little less powerful.


Message History

The ice beast barely misses you.
Drink which item? (? for menu, Esc to quit)
You feel better.
You are covered in liquid flames!
* * * LOW HITPOINT WARNING * * *
The white ugly thing tentacle-slaps you.
* * * LOW HITPOINT WARNING * * *
The white ugly thing freezes you!!
* * * LOW HITPOINT WARNING * * *
The ice beast misses you.
Read which item? (? for menu, Esc to quit)
Okay, then.
Unknown command.
You are covered in liquid flames!
* * * LOW HITPOINT WARNING * * *
Your transformation is almost over.
The white ugly thing tentacle-slaps you!
* * * LOW HITPOINT WARNING * * *
The white ugly thing freezes you!!
You die...

....#........##.#
...####.##...##.# .... ...#
#.###...#.###........ ...## #.#
##..#.# .......... #...#
#.#####<..# #.......... #...#
#.##......# #........... #...#
#.#.......###...........
##..###.#........###........<.
#..(##.........@.##...........
#...##...)......u.#...........
##...##............##..........
#.....#............Y#.Y.......
...#..#...........#..#........
......#...........#...........
....#...............###......
....#...[..........## #.....
.................### #...


You could see a white ugly thing and an ice beast.

Vanquished Creatures
  Rupert (Lair:8)
  Maud (Lair:6)
  Gastronok (D:10)
  A yaktaur captain (D:13)
  4 vault guards (D:13)
  A minotaur (Lab)
  6 hydras
  The ghost of Ladykiller69 the Basher, a powerful MiFi of Okawaru (D:10)
  2 centaur warriors (D:13)
  Erica (Lair:4)
  The ghost of PolkaDot the Martial Artist, an experienced DrTm of Okawaru (D:11)
  9 death yaks (Lair:8)
  3 catoblepae (Lair:8)
  Nergalle (D:10)
  The ghost of PolkaDot the Fighter, an experienced DrTm of Okawaru (D:8)
  2 ice devils
  A fire crab (Lair:4)
  3 unseen horrors
  4 hill giants
  3 ice statues
  A lindwurm (Lair:5)
  Pikel (D:6)
  6 ugly things
  A griffon (Lair:3)
  2 manticores
  2 centaur zombies
  2 cyclopes
  Maurice (D:12)
  3 elephants (Lair:8)
  4 black mambas (Lair:8)
  A molten gargoyle (Lair:2)
  2 gargoyles
  3 torpor snails
  The ghost of PolkaDot the Insei, an experienced DrTm (D:5)
  Psyche (D:13)
  6 komodo dragons
  13 spiny frogs
  A tengu conjurer (D:13)
  8 blue devils (IceCv)
  A polar bear (Lair:7)
  31 blink frogs
  A queen bee (D:9)
  2 trolls
  11 slime creatures
  4 ravens (D:13)
  A minotaur skeleton (Lab)
  A boulder beetle (Lair:8)
  4 two-headed ogres
  A catoblepas skeleton (D:13)
  A spriggan (Lair:2)
  A shadow (D:12)
  3 wyverns
  A trapdoor spider (D:14)
  A deep elf mage (D:10)
  63 yaks
  A hungry ghost (Lab)
  5 vampire mosquitoes
  14 wolves
  3 mottled dragons
  7 hippogriffs
  A tengu zombie (D:14)
  2 soldier ants
  16 orc warriors
  10 water moccasins
  A black bear (D:10)
  8 porcupines
  Purgy (D:3)
  21 ice beasts
  3 phantoms
  3 yellow wasps
  6 sky beasts
  7 boring beetles
  3 slaves (D:6)
  The ghost of PolkaDot the Insei, an average DrTm (D:3)
  8 ogres
  A necrophage (D:9)
  8 centaurs
  11 crocodiles
  3 big kobolds
  22 giant frogs
  5 jellies
  5 scorpions
  2 gnoll sergeants
  4 electric eels
  3 wights (D:10)
  A yak skeleton (D:10)
  3 goliath beetles
  7 crimson imps
  19 killer bees
  12 orc wizards
  A gnoll shaman (D:5)
  12 orc priests
  5 hounds
  11 worker ants
  4 iguanas
  15 sheep
  Ijyb (D:7)
  Terence (D:2)
  A worker ant zombie (D:5)
  30 adders
  11 gnolls
  A scorpion zombie (D:9)
  7 white imps
  4 giant mites
  36 green rats
  2 orc skeletons
  3 shadow imps
  5 worms
  8 ufetubi (IceCv)
  An adder zombie (D:7)
  An adder skeleton (D:4)
  4 giant geckos
  7 oozes
  71 orcs
  A ball python (D:1)
  A bat skeleton (D:7)
  11 giant cockroaches
  13 hobgoblins
  14 quokkas
  15 bats
  5 giant newts
  9 goblins
  A hobgoblin skeleton (D:7)
  4 jackals (D:9)
  A jackal skeleton (D:7)
  26 kobolds
  15 rats
  A rat zombie (D:7)
  3 ballistomycetes (D:8)
  A fungus (D:9)
823 creatures vanquished.

Vanquished Creatures (others)
  A blink frog (Lair:6)
  4 yaks (Lair:6)
  A water moccasin (Lair:6)
  3 ufetubi (IceCv)
  A white imp (IceCv)
  A giant spore (D:8)
  4 kobolds
  6 fungi
  2 plants (D:9)
23 creatures vanquished.

Grand Total: 846 creatures vanquished

Notes
Turn   | Place    | Note
--------------------------------------------------------------
     0 | D:1      | PolkaDot, the Draconian Transmuter, began the quest for the Orb.
     0 | D:1      | Reached XP level 1. HP: 16/16 MP: 3/3
   146 | D:1      | Reached XP level 2. HP: 20/23 MP: 4/4
   986 | D:2      | Reached XP level 3. HP: 22/29 MP: 4/6
  1068 | D:2      | Found a burning altar of Makhleb.
  1071 | D:2      | Noticed a green death
  1158 | D:2      | Found a glowing silver altar of Zin.
  1322 | D:2      | Noticed Terence
  1341 | D:2      | Killed Terence
  1413 | D:2      | Reached skill level 4 in Unarmed Combat
  1654 | D:2      | Reached XP level 4. HP: 37/37 MP: 5/7
  2064 | D:3      | Noticed PolkaDot's ghost (average DrTm)
  2065 | D:3      | Learned a level 2 spell: Sticks to Snakes
  2157 | D:3      | Reached XP level 5. HP: 35/44 MP: 9/9
  2168 | D:3      | Learned a level 3 spell: Spider Form
  2197 | D:3      | Noticed Purgy
  2241 | D:3      | Killed Purgy
  2241 | D:3      | Reached skill level 5 in Unarmed Combat
  2319 | D:3      | You fall through a shaft!
  2439 | D:4      | Reached XP level 6. HP: 51/51 MP: 10/10
  2729 | D:3      | Killed PolkaDot's ghost
  3950 | D:4      | Found Fehigups' Distillery.
  4307 | D:5      | Entered Level 5 of the Dungeon
  4322 | D:5      | Reached skill level 6 in Unarmed Combat
  4322 | D:5      | Your scales start taking on a dull iron-grey colour.
  4322 | D:5      | Gained mutation: You can survive without breathing. [draconian maturity]
  4322 | D:5      | Reached XP level 7. HP: 47/59 MP: 9/12
  4430 | D:5      | Found a bloodstained altar of Trog.
  4452 | D:5      | Reached skill level 1 in Poison Magic
  4524 | D:5      | Found a shattered altar of Ashenzari.
  4597 | D:5      | Found Tutwiafu's Weapon Shoppe.
  4620 | D:5      | Found a blossoming altar of Fedhas.
  4912 | D:5      | Found a sparkling altar of Nemelex Xobeh.
  4913 | D:5      | Noticed PolkaDot's ghost (experienced DrTm)
  4929 | D:5      | Killed PolkaDot's ghost
  4929 | D:5      | Reached skill level 5 in Transmutations
  4929 | D:5      | Reached XP level 8. HP: 62/66 MP: 13/13
  4938 | D:5      | Reached skill level 7 in Unarmed Combat
  5192 | D:5      | Gained mutation: Your spells are a little easier to cast, but a little less powerful. [mutagenic meat]
  5193 | D:5      | Gained mutation: You are resistant to hostile enchantments. [mutagenic meat]
  5640 | D:6      | Found an iron altar of Okawaru.
  5783 | D:6      | Noticed Pikel
  5810 | D:6      | Killed Pikel
  5810 | D:6      | Reached skill level 5 in Fighting
  5810 | D:6      | Reached XP level 9. HP: 60/74 MP: 14/14
  6010 | D:6      | Gained mutation: You have a pair of small antennae on your head. [potion of mutation]
  6010 | D:6      | Gained mutation: Your flesh is heat resistant. [potion of mutation]
  6017 | D:6      | Found an ancient bone altar of Kikubaaqudgha.
  6069 | D:6      | Found a stormy altar of Qazlal.
  6088 | D:6      | Reached skill level 8 in Unarmed Combat
  6180 | D:6      | Became a worshipper of Warmaster Okawaru
  6333 | D:6      | Found a sacrificial altar of Ru.
  6353 | D:6      | Found a staircase to the Ecumenical Temple.
  6599 | D:6      | Learned a level 5 spell: Blade Hands
  6805 | D:7      | Noticed Ijyb
  6814 | D:7      | Killed Ijyb
  6900 | D:7      | Reached skill level 9 in Unarmed Combat
  6924 | D:7      | Acquired Okawaru's first power
  7598 | D:8      | Reached XP level 10. HP: 44/86 MP: 5/16
  7650 | D:8      | Noticed PolkaDot's ghost (experienced DrTm)
  7667 | D:8      | Killed PolkaDot's ghost
  7667 | D:8      | Reached skill level 10 in Unarmed Combat
  8582 | D:9      | Found a staircase to the Lair.
  8738 | D:9      | Found a glowing golden altar of the Shining One.
  8891 | D:9      | Found Baiponn's Off-Brand Ammunition.
  8982 | D:9      | Reached skill level 11 in Unarmed Combat
  9449 | D:9      | Found an opulent altar of Gozag.
  9699 | D:9      | Found a shadowy altar of Dithmenos.
  9795 | D:9      | Noticed a hill giant
  9806 | D:9      | Killed a hill giant
  9993 | D:9      | Found a radiant altar of Vehumet.
 10250 | D:10     | Entered Level 10 of the Dungeon
 10294 | D:10     | Reached XP level 11. HP: 63/95 MP: 11/17
 10410 | D:10     | Noticed a hill giant
 10415 | D:10     | Killed a hill giant
 10485 | D:10     | Noticed Nergalle
 10491 | D:10     | Noticed Gastronok
 10491 | D:10     | Noticed Ladykiller69's ghost (powerful MiFi)
 10497 | D:10     | Killed Nergalle
 10497 | D:10     | Acquired Okawaru's second power
 10506 | D:10     | Killed Ladykiller69's ghost
 10506 | D:10     | Reached skill level 12 in Unarmed Combat
 10859 | D:10     | Killed Gastronok
 10862 | D:10     | Received a gift from Okawaru
 10907 | D:10     | Received a gift from Okawaru
 11457 | D:10     | Reached skill level 10 in Transmutations
 11495 | D:10     | Found a staircase to the Orcish Mines.
 11630 | Lair:1   | Entered Level 1 of the Lair of Beasts
 11774 | Lair:1   | Reached skill level 13 in Unarmed Combat
 11781 | Lair:1   | Reached skill level 10 in Fighting
 12475 | Lair:1   | Learned a level 4 spell: Ice Form
 12640 | Lair:2   | Noticed a spriggan rider
 12651 | Lair:2   | Killed a yellow wasp
 12652 | Lair:2   | Killed a spriggan
 12951 | Lair:2   | Reached skill level 1 in Ice Magic
 12956 | Lair:2   | Reached XP level 12. HP: 61/106 MP: 13/19
 13628 | Lair:2   | Received a gift from Okawaru
 14050 | Lair:2   | Noticed a seven-headed hydra
 14060 | Lair:2   | Killed a seven-headed hydra
 14290 | Lair:3   | Found a labyrinth entrance.
 14307 | Lab      | Entered a labyrinth
 14550 | Lab      | Noticed a minotaur
 14561 | Lab      | Killed a minotaur
 14561 | Lab      | Reached skill level 5 in Ice Magic
 14633 | Lair:3   | Identified a scroll of acquirement
 14652 | Lair:3   | Got a warped cloak
 14663 | Lair:3   | Identified the +0 cloak of the Komtur {Str+4 Dex+3 Curse} (You acquired it on level 3 of the Lair of Beasts)
 14750 | Lair:3   | Found a hole to the Spider Nest.
 14908 | Lair:3   | Found a staircase to the Shoals.
 14926 | Lair:3   | Received a gift from Okawaru
 15413 | Lair:3   | Reached skill level 14 in Unarmed Combat
 15660 | Lair:4   | Found a frozen archway.
 15903 | IceCv    | Entered an ice cave
 16769 | Lair:4   | Noticed Erica
 16778 | Lair:4   | Killed Erica
 16778 | Lair:4   | Reached XP level 13. HP: 71/116 MP: 14/20
 16887 | Lair:4   | Received a gift from Okawaru
 17641 | Lair:5   | Learned a level 2 spell: Swiftness
 18123 | Lair:5   | Reached skill level 5 in Dodging
 18335 | Lair:5   | Received a gift from Okawaru
 18335 | Lair:5   | Reached skill level 15 in Unarmed Combat
 19640 | Lair:6   | Noticed Maud
 19669 | Lair:6   | Killed Maud
 19902 | Lair:6   | Found a staircase to the Slime Pits.
 19903 | Lair:6   | Found a viscous altar of Jiyva.
 20268 | Lair:6   | Received a gift from Okawaru
 22169 | Lair:7   | Reached skill level 16 in Unarmed Combat
 22173 | Lair:7   | Gained mutation: Your mind is acute. (Int +2) [potion of beneficial mutation]
 22392 | Lair:7   | Reached XP level 14. HP: 127/127 MP: 21/21
 22798 | Lair:8   | Entered Level 8 of the Lair of Beasts
 22807 | Lair:8   | Noticed Rupert
 22822 | Lair:8   | Killed Rupert
 23027 | Lair:8   | Received a gift from Okawaru
 24197 | Lair:8   | HP: 1/129 [death yak (19)]
 24711 | Lair:8   | Reached skill level 17 in Unarmed Combat
 24869 | Lair:8   | Received a gift from Okawaru
 25584 | D:11     | Noticed PolkaDot's ghost (experienced DrTm)
 25600 | D:11     | Killed PolkaDot's ghost
 26059 | D:11     | Found Shatitie's Antique Weapon Shop.
 26633 | D:12     | Noticed Maurice
 26639 | D:12     | Killed Maurice
 27622 | D:12     | Reached XP level 15. HP: 133/138 MP: 22/22
 27904 | D:13     | Noticed Psyche
 27914 | D:13     | Killed Psyche
 28506 | D:13     | Found a gate to the Vaults.
 28528 | D:13     | Received a gift from Okawaru
 28691 | D:13     | Found Zielifus' Weapon Emporium.
 28822 | D:13     | Found a roughly hewn altar of Beogh.
 29039 | D:14     | Reached skill level 18 in Unarmed Combat
 29389 | D:14     | HP: 1/139 [white ugly thing (16)]
 29389 | D:14     | Annihilated by a white ugly thing

Action                   |  1- 3 |  4- 6 |  7- 9 | 10-12 | 13-15 || total
-------------------------+-------+-------+-------+-------+-------++-------
Melee: Unarmed           |   161 |   202 |   369 |   748 |  1029 ||  2509
 Cast: Beastly Appendage |    14 |    11 |     4 |       |       ||    29
       Spider Form       |       |     5 |     4 |       |       ||     9
       Blade Hands       |       |       |     9 |    29 |    31 ||    69
       Ice Form          |       |       |       |       |     5 ||     5
Invok: Heroism           |       |       |       |     5 |     5 ||    10
Evoke: Wand              |       |       |       |     8 |    17 ||    25
  Use: Scroll            |     2 |     5 |    12 |    20 |     8 ||    47
       Potion            |       |     2 |     3 |     7 |     8 ||    20
 Stab: Sleeping          |       |       |     1 |     5 |    11 ||    17
       Invisible         |       |       |       |     7 |       ||     7
       Petrifying        |       |       |       |       |     1 ||     1
  Eat: Chunk             |     3 |     9 |    13 |    22 |    41 ||    88
       Bread ration      |       |       |     1 |     4 |     1 ||     6
       Fruit             |       |       |       |     1 |    10 ||    11
